 Dungeon Crawl Stone Soup version 0.18.1-50-g88ac8fd (webtiles) character file.

91667 magog001 the Peltast (level 15, -7/135 HPs)
             Began as a Minotaur Fighter on June 16, 2018.
             Was the Champion of Nemelex Xobeh.
             Drowned by a water nymph (13 damage)
             ... on level 4 of the Shoals.
             The game lasted 02:39:23 (19390 turns).

magog001 the Peltast (Minotaur Fighter)            Turns: 19390, Time: 02:39:27

Health: -7/135     AC: 35    Str: 42    XL:     15   Next: 55%
Magic:  26/26      EV: 10    Int: 10    God:    Nemelex Xobeh [******]
Gold:   145        SH: 18    Dex: 10    Spells: 0 memorised, 14 levels left

rFire  x x .     SeeInvis +     G - +5 rapier of Cheese {freeze, rF- rC+ Str+3}
rCold  + . .     Gourm    .     K - +8 chain mail "Wojukit" {rPois SInv}
rNeg   . . .     Faith    .     c - +1 shield
rPois  +         Spirit   .     Q - +3 hat of Pondering {ponderous, MR+ MP+10 Int+5}
rElec  .         Dismiss  .     B - +1 cloak of Spite {rF- Str+3 SInv}
rCorr  .         Reflect  .     u - +3 pair of gauntlets of War {Slay+5}
SustAt .         Harm     .     k - +2 pair of boots (curse)
MR     ++...                    q - amulet of regeneration (curse)
Stlth  ..........               N - +1 ring of slaying
                                X - +4 ring of strength

@: mighty, engulfed (cannot breathe), manticore barbs, mesmerised, slow, very
resistant to hostile enchantments, extremely unstealthy
A: retaliatory headbutt, horns 2
a: Triple Draw, Deal Four, Stack Five, Renounce Religion


You were on level 4 of the Shoals.
You worshipped Nemelex Xobeh.
Nemelex Xobeh was exalted by your worship.
You were not hungry.

You visited 5 branches of the dungeon, and saw 24 of its levels.
You also visited: Ice Cave.

You collected 1720 gold pieces.
You spent 1274 gold pieces at shops.

Inventory:

Hand Weapons
 a - a +8 war axe of protection
 G - the +5 rapier of Cheese (weapon) {freeze, rF- rC+ Str+3}
   (You found it on level 5 of the Dungeon)

   It has been specially enchanted to freeze those struck by it, causing extra
   injury to most foes and up to half again as much damage against particularly
   susceptible opponents.
   It can also slow down cold-blooded creatures.
   It affects your strength (+3).
   It makes you vulnerable to fire.
   It protects you from cold.
Missiles
 v - 162 sling bullets
 z - 17 tomahawks (quivered)
Armour
 c - a +1 shield (worn)
 k - a cursed +2 pair of boots (worn)
 u - the +3 pair of gauntlets of War (worn) {Slay+5}
   (You acquired it on level 4 of the Lair of Beasts)

   It affects your accuracy and damage with ranged weapons and melee attacks
   (+5).
 B - the +1 cloak of Spite (worn) {rF- Str+3 SInv}
   (You acquired it on level 2 of the Shoals)

   It affects your strength (+3).
   It makes you vulnerable to fire.
   It lets you see invisible.
 K - the +8 chain mail "Wojukit" (worn) {rPois SInv}
   (You found it on level 2 of the Shoals)

   It protects you from poison.
   It lets you see invisible.
 Q - the +3 hat of Pondering (worn) {ponderous, MR+ MP+10 Int+5}
   (You took it off Gastronok on level 1 of the Lair of Beasts)

   It affects your intelligence (+5).
   It affects your resistance to hostile enchantments.
   It affects your magic capacity (+10).
Jewellery
 g - a +4 ring of intelligence {unknown}
 q - a cursed amulet of regeneration (around neck)
 w - an uncursed ring of flight
 N - a +1 ring of slaying (right hand)
 S - an uncursed ring of poison resistance
 X - a +4 ring of strength (left hand)
Wands
 i - a wand of lightning (11/15)
 j - a wand of paralysis (6/24)
 l - a wand of digging (1/24)
 r - a wand of acid (2/15)
 C - a wand of heal wounds (0/9)
 D - a wand of iceblast (0/15)
 H - a wand of flame (22/48)
Scrolls
 e - 4 scrolls of magic mapping
 m - 2 scrolls of remove curse
 s - 4 scrolls of teleportation
 y - 3 scrolls of recharging
 E - a scroll of fog
 M - 2 scrolls of holy word
Potions
 d - 5 potions of might
 A - 7 potions of curing
 L - 4 potions of haste
Miscellaneous
 b - a plain deck of war {drawn: 1}
 n - a sack of spiders
 x - a legendary deck of escape {drawn: 2}
 I - an ornate deck of destruction {drawn: 1}
 J - a legendary deck of destruction {drawn: 3}
 O - a plain deck of wonders {drawn: 3}
 P - a plain deck of changes {drawn: 2}
 R - a lamp of fire
 T - an ornate deck of destruction
 U - an ornate deck of destruction
 V - an ornate deck of war {drawn: 2}
 Y - a lamp of fire
 Z - an ornate deck of destruction
Comestibles
 f - 14 bread rations
 h - 8 meat rations
 p - 38 fruits
 t - 5 slices of pizza


   Skills:
 * Level 13.0 Fighting
 * Level 12.4 Short Blades
 - Level 7.0 Axes
 + Level 2.4 Throwing
 * Level 15.4 Armour
 - Level 0.2 Dodging
 + Level 3.1 Stealth
 * Level 19.7 Shields
 + Level 3.9 Evocations


You had 14 spell levels left.
You didn't know any spells.

Dungeon Overview and Level Annotations

Branches:
Dungeon (10/15)            Temple (0/1) D:4            Lair (8/8) D:10
 Shoals (4/4) Lair:5        Snake (1/4) Lair:4        Slime (1/6) Lair:7
    Orc: D:9-12

Altars:
Ashenzari
Cheibriados
Fedhas
Gozag
Kikubaaqudgha
Nemelex Xobeh
Okawaru
Pakellas
Qazlal
Ru
Sif Muna
Vehumet
Zin
The Shining One

Shops:
Shoals:2 ?*%   Shoals:4 *


Innate Abilities, Weirdness & Mutations

You reflexively headbutt those who attack you in melee.
You have a pair of horns on your head.


Message History

The sea snake bites you but does no damage.
You block the merfolk javelineer's attack.
You block the water elemental's attack.
The manticore flicks its tail.
You block the volley of spikes.
The water nymph points at you and mumbles some strange words.
The water swirls and strikes you!
* * * LOW HITPOINT WARNING * * *
You block the merfolk javelineer's attack.
The siren chants its luring song.
Evoke which item? (* to show all) (? for menu, Esc to quit)
You draw a card...
It is the Shaft.
Nothing appears to happen.
* * * LOW HITPOINT WARNING * * *
Your lungs strain for air!
You block the merfolk aquamancer's attack.
You block the sea snake's attack.
The merfolk javelineer hits you but does no damage.
The water nymph touches you. The water nymph drowns you!
You die...
Your body disappears without a glow.

≈≈.(((≈≈≈≈≈≈≈≈≈≈≈≈≈.......)....
≈...(..≈≈≈≈≈≈≈≈≈≈≈..<......)...
.......≈≈≈≈≈≈≈≈≈##'##.....(....
≈≈......≈≈≈≈≈≈≈#.≈÷.##......≈≈≈
≈≈.......≈≈≈≈≈≈#≈≈)..#......≈≈≈
≈≈≈......≈≈≈≈≈≈#≈≈:..#.....≈##+
≈≈≈≈≈.PP.))≈≈)≈#≈≈...#.....##
m≈≈≈≈P....≈≈≈≈mmS..H.......#
.≈≈≈)..PP†∩≈..≈m@####.≈....#
..≈≈=PPPP...).mE)# #..≈≈≈..#
.≈...PP.....((.§m###..≈≈...#
≈≈...=PP(........#).....##..#
≈≈≈.P..P.......()<......# .≈≈≈
≈≈≈≈..PPP....≈≈≈≈≈.....## .≈≈≈≈
≈≈≈≈≈...P≈..≈P≈≈(≈.(...# ≈≈≈≈
≈≈≈≈≈P≈≈P≈≈≈≈≈≈≈≈≈≈.......
≈≈≈≈≈≈..≈≈≈≈≈≈≈≈≈≈≈≈≈..≈..


You could see 2 merfolk javelineers, a sea snake, a merfolk aquamancer, a
manticore, a water elemental, a siren and a water nymph.

Vanquished Creatures
  Jorgrun (Shoals:4)
  A kraken (Shoals:3)
  Polyphemus (Shoals:2)
  Gastronok (Lair:1)
  Kirke (Shoals:1)
  3 merfolk javelineers (Shoals:4)
  4 merfolk impalers
  Harold (Lair:2)
  A hydra (Lair:6)
  A catoblepas (Shoals:2)
  A merfolk aquamancer (Shoals:4)
  A satyr (Shoals:2)
  9 death yaks
  A naga sharpshooter (Snake:1)
  Sonja (Lair:1)
  4 sea snakes
  A hill giant (D:8)
  5 harpies
  4 lindwurms (Lair:8)
  3 griffons
  An oklob plant (Lair:7)
  A necromancer (IceCv)
  5 fauns
  2 manticores
  4 sirens
  A guardian serpent (Lair:4)
  2 water nymphs
  A black mamba (Lair:6)
  An ice statue (IceCv)
  A centaur skeleton (D:10)
  3 spiny frogs
  10 freezing wraiths (IceCv)
  4 komodo dragons
  8 merfolk
  A troll (D:9)
  Grinder (D:4)
  A wolf spider simulacrum (IceCv)
  7 polar bears
  A two-headed ogre (D:8)
  9 blink frogs
  2 snapping turtles (Shoals:3)
  3 redbacks (Lair:8)
  9 spriggans
  Eustachio (D:5)
  3 hogs (Shoals:1)
  A basilisk (Lair:8)
  3 water elementals
  17 yaks
  A human (D:7)
  4 hippogriffs
  A death yak simulacrum (IceCv)
  4 nagas (Snake:1)
  6 porcupines
  5 water moccasins
  Duvessa (D:7)
  3 orc warriors
  11 ice beasts
  A black bear (Lair:8)
  A necrophage (D:7)
  3 wasps
  2 sky beasts
  10 wolves
  2 ogres
  9 centaurs
  7 crocodiles
  3 big kobolds
  A gnoll sergeant (D:4)
  10 giant frogs
  Dowan (D:7)
  4 scorpions
  An elephant simulacrum (IceCv)
  4 wights (D:9)
  3 draconian simulacra (IceCv)
  7 hounds
  2 quasits
  3 crimson imps
  2 jellies
  4 orc priests
  4 gnoll shamans (D:4)
  Natasha (thrice) (D:3)
  A giant frog skeleton (D:9)
  4 iguanas
  5 worker ants
  9 orc wizards
  Terence (D:2)
  A polar bear simulacrum (IceCv)
  6 troll simulacra (IceCv)
  20 sheep
  A spriggan simulacrum (IceCv)
  3 centaur simulacra (IceCv)
  A hound skeleton (D:7)
  The ghost of GammafunkIsABaby the Chiller, a weakling HEIE (D:4)
  A mummy (D:8)
  A worker ant zombie (D:6)
  Robin (D:4)
  31 gnolls
  31 river rats
  9 adders
  2 naga simulacra (IceCv)
  2 ogre simulacra (IceCv)
  A shadow imp (D:5)
  12 white imps (IceCv)
  2 oozes
  An adder skeleton (D:4)
  A worm (D:4)
  4 dart slugs
  6 giant geckos
  39 orcs
  2 ball pythons
  14 bats
  2 giant cockroaches (D:3)
  13 goblins
  6 hobgoblins
  29 jackals
  3 quokkas
  10 giant newts
  2 hobgoblin zombies (D:8)
  38 kobolds
  2 orc zombies (D:8)
  A quokka skeleton (D:4)
  15 rats
  16 plants
  2 tentacles (Shoals:4)
623 creatures vanquished.

Vanquished Creatures (collateral kills)
  A kraken (Shoals:4)
  An acid blob (Slime:1)
  Ilsuiw (Shoals:4)
  Maud (Lair:5)
  A naga warrior (Lair:4)
  A hydra (Lair:4)
  A centaur warrior (Shoals:2)
  2 merfolk aquamancers
  A catoblepas (Lair:8)
  A satyr (Shoals:1)
  A merfolk avatar (Shoals:2)
  14 death yaks
  2 sea snakes (Shoals:1)
  3 harpies (Shoals:2)
  11 fauns
  3 manticores
  A guardian serpent (Lair:4)
  2 torpor snails (Lair:6)
  2 black mambas (Lair:3)
  3 sirens
  4 spiny frogs
  A rime drake (Lair:2)
  A komodo dragon (Lair:7)
  A yaktaur (Shoals:2)
  A spriggan druid (Lair:8)
  5 polar bears
  10 merfolk
  Prince Ribbit (Lair:1)
  2 wind drakes
  17 blink frogs
  3 snapping turtles
  4 redbacks (Lair:8)
  2 spriggans (Lair:8)
  7 water elementals
  2 wyverns (Lair:7)
  4 basilisks
  A hog (Shoals:1)
  13 yaks
  4 hippogriffs
  3 nagas (Snake:1)
  3 water moccasins
  6 porcupines
  A black bear (Lair:8)
  7 ice beasts (Lair:8)
  A wasp (Lair:8)
  16 wolves
  3 centaurs
  6 crocodiles
  2 giant frogs
  An electric eel (Lair:3)
  A jelly (Slime:1)
  An orc wizard (D:10)
  3 iguanas (Lair:3)
  A worker ant (D:10)
  3 troll simulacra (IceCv)
  8 sheep
  44 river rats
  3 bushes (Lair:6)
  A butterfly (Lair:3)
  4 fungi
  8 plants
  5 tentacles
267 creatures vanquished.

Vanquished Creatures (others)
  A merfolk impaler (Shoals:4)
  A siren (Shoals:4)
  A human (Shoals:1)
  A hound zombie (D:6)
  A ball lightning (Shoals:4)
  19 fungi
  10 plants
  10 tentacles
  618 tentacle segments
662 creatures vanquished.

Grand Total: 1552 creatures vanquished

Notes
Turn   | Place    | Note
--------------------------------------------------------------
     0 | D:1      | magog001 the Minotaur Fighter began the quest for the Orb.
     0 | D:1      | Reached XP level 1. HP: 19/19 MP: 0/0
   152 | D:1      | Reached XP level 2. HP: 27/27 MP: 1/1
   611 | D:1      | Reached XP level 3. HP: 34/34 MP: 2/2
   779 | D:2      | Noticed Terence
   790 | D:2      | Killed Terence
   790 | D:2      | Reached skill level 4 in Shields
  1029 | D:2      | Reached XP level 4. HP: 37/41 MP: 3/3
  1074 | D:2      | Found a radiant altar of Vehumet.
  1406 | D:3      | Found a stormy altar of Qazlal.
  1406 | D:3      | Found a blossoming altar of Fedhas.
  1528 | D:3      | Found a snail-covered altar of Cheibriados.
  1717 | D:3      | Found a sparkling altar of Nemelex Xobeh.
  1721 | D:3      | Became a worshipper of Nemelex Xobeh the Trickster
  1831 | D:3      | Received a gift from Nemelex Xobeh
  1838 | D:3      | Noticed Natasha
  1844 | D:3      | Killed Natasha
  1844 | D:3      | Reached XP level 5. HP: 45/47 MP: 4/4
  1848 | D:3      | Noticed Natasha
  1857 | D:3      | Killed Natasha
  1875 | D:3      | Found a sacrificial altar of Ru.
  1971 | D:3      | Noticed Natasha
  1986 | D:3      | Killed Natasha
  1986 | D:3      | Reached skill level 5 in Fighting
  2103 | D:4      | Noticed Robin
  2105 | D:4      | Reached skill level 5 in Shields
  2112 | D:4      | Killed Robin
  2140 | D:4      | Found a staircase to the Ecumenical Temple.
  2200 | D:4      | Reached skill level 5 in Armour
  2200 | D:4      | Reached XP level 6. HP: 56/56 MP: 5/5
  2223 | D:4      | Found a deep blue altar of Sif Muna.
  3086 | D:4      | Noticed GammafunkIsABaby's ghost (weakling HEIE)
  3094 | D:4      | Killed GammafunkIsABaby's ghost
  3103 | D:4      | Noticed Grinder
  3103 | D:4      | Paralysed by Grinder for 7 turns
  3284 | D:4      | Reached skill level 5 in Axes
  3450 | D:4      | Reached XP level 7. HP: 58/61 MP: 6/6
  3635 | D:4      | Reached skill level 6 in Shields
  4093 | D:4      | Reached * piety under Nemelex Xobeh
  4103 | D:4      | Killed Grinder
  4103 | D:4      | Reached XP level 8. HP: 56/71 MP: 7/7
  4272 | D:5      | Entered Level 5 of the Dungeon
  4371 | D:5      | Reached skill level 7 in Shields
  4413 | D:5      | Found a glowing golden altar of the Shining One.
  4723 | D:5      | Got a slimy rapier
  4724 | D:5      | Identified the +5 rapier of Cheese {freeze, rF- rC+ Str+3} (You found it on level 5 of the Dungeon)
  4741 | D:5      | Noticed Eustachio
  4784 | D:5      | Killed Eustachio
  4994 | D:6      | Found an opulent altar of Gozag.
  5082 | D:6      | Reached skill level 1 in Short Blades
  5082 | D:6      | Reached skill level 8 in Shields
  5588 | D:6      | Found a stormy altar of Qazlal.
  5616 | D:6      | Received a gift from Nemelex Xobeh
  5618 | D:6      | Found a glowing silver altar of Zin.
  5814 | D:7      | Reached ** piety under Nemelex Xobeh
  6171 | D:7      | Reached XP level 9. HP: 78/78 MP: 8/8
  6272 | D:7      | Found an iron altar of Okawaru.
  6438 | D:7      | Noticed Duvessa
  6438 | D:7      | Noticed Dowan
  6445 | D:7      | Killed Duvessa
  6445 | D:7      | Reached skill level 9 in Shields
  6463 | D:7      | Killed Dowan
  6956 | D:7      | Found an oddly glowing altar of Pakellas.
  7213 | D:6      | Reached skill level 1 in Stealth
  7327 | D:8      | Reached skill level 10 in Shields
  7459 | D:8      | Found a glowing golden altar of the Shining One.
  7465 | D:8      | Found a shattered altar of Ashenzari.
  7632 | D:8      | Gained mutation: You possess an exceptional clarity of mind. [mutagenic meat]
  7633 | D:8      | Gained mutation: You are occasionally teleported next to monsters. [mutagenic meat]
  7805 | D:8      | Noticed a hill giant
  7816 | D:8      | Killed a hill giant
  7816 | D:8      | Reached XP level 10. HP: 52/87 MP: 9/9
  7824 | D:8      | Reached skill level 5 in Short Blades
  8123 | D:8      | Reached skill level 11 in Shields
  8509 | D:9      | Received a gift from Nemelex Xobeh
  8796 | D:9      | Found an ancient bone altar of Kikubaaqudgha.
  9250 | D:9      | Reached *** piety under Nemelex Xobeh
  9309 | D:10     | Entered Level 10 of the Dungeon
  9433 | D:10     | Reached skill level 12 in Shields
  9909 | D:10     | Hired Iqehos the merfolk for 255 gold.
  9911 | D:10     | Found a staircase to the Lair.
  9919 | Lair:1   | Entered Level 1 of the Lair of Beasts
  9951 | Lair:1   | Received a gift from Nemelex Xobeh
 10079 | Lair:1   | Noticed a spiny frog
 10084 | Lair:1   | Killed a spiny frog
 10152 | Lair:1   | Noticed Gastronok
 10172 | Lair:1   | Killed Gastronok
 10172 | Lair:1   | Reached skill level 10 in Armour
 10172 | Lair:1   | Reached XP level 11. HP: 63/97 MP: 10/10
 10498 | Lair:1   | Noticed Prince Ribbit
 10504 | Lair:1   | Killed Prince Ribbit
 10507 | Lair:1   | Reached skill level 13 in Shields
 10569 | Lair:1   | Noticed Sonja
 10578 | Lair:1   | Killed Sonja
 10777 | Lair:2   | Noticed Harold
 10789 | Lair:2   | Killed Harold
 10932 | Lair:2   | Reached **** piety under Nemelex Xobeh
 11081 | Lair:2   | Received a gift from Nemelex Xobeh
 11805 | Lair:3   | Reached skill level 14 in Shields
 11826 | Lair:3   | Noticed a death yak
 11826 | Lair:3   | Noticed a death yak
 11826 | Lair:3   | Noticed a death yak
 11828 | Lair:3   | Noticed a death yak
 11828 | Lair:3   | Noticed a death yak
 11843 | Lair:3   | Killed a death yak
 11844 | Lair:3   | Killed a death yak
 11849 | Lair:3   | Killed a death yak
 11849 | Lair:3   | Reached skill level 10 in Fighting
 11853 | Lair:3   | Killed a death yak
 11857 | Lair:3   | Killed a death yak
 11857 | Lair:3   | Reached XP level 12. HP: 89/106 MP: 11/11
 12054 | Lair:3   | Reached ***** piety under Nemelex Xobeh
 12242 | Lair:3   | Reached skill level 1 in Evocations
 12377 | Lair:4   | Noticed an eight-headed hydra
 12382 | Lair:4   | Killed an eight-headed hydra
 12451 | Lair:4   | Received a gift from Nemelex Xobeh
 12597 | Lair:4   | Identified a scroll of acquirement
 12661 | Lair:4   | Found a staircase to the Snake Pit.
 12740 | Lair:4   | Lost mutation: You possess an exceptional clarity of mind. [potion of cure mutation]
 12740 | Lair:4   | Lost mutation: You are occasionally teleported next to monsters. [potion of cure mutation]
 12770 | Snake:1  | Entered Level 1 of the Snake Pit
 12770 | Snake:1  | Noticed a naga warrior
 12781 | Lair:4   | Killed a naga warrior
 12913 | Snake:1  | Reached skill level 15 in Shields
 13084 | Lair:4   | Received a gift from Nemelex Xobeh
 13119 | Lair:5   | Found a staircase to the Shoals.
 13141 | Shoals:1 | Entered Level 1 of the Shoals
 13388 | Lair:5   | Noticed a death yak
 13390 | Lair:5   | Noticed a death yak
 13390 | Lair:5   | Noticed a death yak
 13391 | Lair:5   | Noticed a death yak
 13392 | Lair:5   | Noticed Maud
 13392 | Lair:5   | Noticed a death yak
 13396 | Lair:5   | Killed a death yak
 13404 | Lair:5   | Killed a death yak
 13406 | Lair:5   | Killed a death yak
 13408 | Lair:5   | Killed a death yak
 13416 | Lair:5   | Killed a death yak
 13422 | Lair:5   | Killed Maud
 13848 | Lair:6   | Got a glittering glass ring
 13905 | Lair:6   | Reached XP level 13. HP: 113/116 MP: 13/13
 14064 | Lair:6   | Received a gift from Nemelex Xobeh
 14246 | Lair:6   | Identified the ring of Wuon {Ice rElec} (You found it on level 6 of the Lair of Beasts)
 14258 | Lair:6   | Reached skill level 16 in Shields
 14724 | Lair:7   | Received a gift from Nemelex Xobeh
 14946 | Lair:7   | Received a gift from Nemelex Xobeh
 14947 | Lair:7   | Found a staircase to the Slime Pits.
 15000 | Slime:1  | Entered Level 1 of the Pits of Slime
 15000 | Slime:1  | Reached ****** piety under Nemelex Xobeh
 15000 | Slime:1  | Noticed an acid blob
 15008 | Slime:1  | Killed an acid blob
 15153 | Lair:7   | Reached skill level 10 in Short Blades
 15334 | Lair:8   | Entered Level 8 of the Lair of Beasts
 15388 | Lair:8   | Received a gift from Nemelex Xobeh
 15403 | Lair:8   | Reached skill level 17 in Shields
 15442 | Lair:8   | Found a frozen archway.
 15457 | IceCv    | Entered an ice cave
 15884 | IceCv    | Reached XP level 14. HP: 125/125 MP: 14/14
 15885 | IceCv    | Found an ancient bone altar of Kikubaaqudgha.
 16300 | Lair:8   | Received a gift from Nemelex Xobeh
 16425 | Lair:8   | Reached skill level 1 in Throwing
 16698 | Lair:8   | Received a gift from Nemelex Xobeh
 17257 | Shoals:1 | Noticed Kirke
 17259 | Shoals:1 | Reached skill level 18 in Shields
 17265 | Shoals:1 | Killed Kirke
 17272 | Shoals:1 | Received a gift from Nemelex Xobeh
 17744 | Shoals:2 | Received a gift from Nemelex Xobeh
 17913 | Shoals:2 | Noticed Polyphemus
 17926 | Shoals:2 | Killed Polyphemus
 17942 | Shoals:2 | Got an encrusted chain mail
 17953 | Shoals:2 | Identified the +8 chain mail "Wojukit" {rPois SInv} (You found it on level 2 of the Shoals)
 17984 | Shoals:2 | Found Boecluh's General Store.
 18000 | Shoals:2 | Bought a plain deck of changes for 210 gold pieces
 18010 | Shoals:2 | Received a gift from Nemelex Xobeh
 18075 | Shoals:2 | Found Zafosm's Magic Scroll Boutique.
 18133 | Shoals:2 | Found Xycoarat's Food Emporium.
 18141 | Shoals:2 | Bought a scroll of recharging for 142 gold pieces
 18141 | Shoals:2 | Bought a scroll of recharging for 142 gold pieces
 18141 | Shoals:2 | Bought a scroll of acquirement for 780 gold pieces
 18142 | Shoals:2 | Got a transparent cloak
 18153 | Shoals:2 | Identified the +1 cloak of Spite {rF- Str+3 SInv} (You acquired it on level 2 of the Shoals)
 18218 | Shoals:2 | Reached XP level 15. HP: 133/134 MP: 16/16
 18302 | Shoals:3 | Reached skill level 19 in Shields
 18452 | Shoals:3 | Received a gift from Nemelex Xobeh
 18586 | Shoals:3 | Noticed a kraken
 18600 | Shoals:3 | Killed a kraken
 18850 | Shoals:3 | Received a gift from Nemelex Xobeh
 18904 | Shoals:4 | Entered Level 4 of the Shoals
 18985 | Shoals:4 | Found Fapsess's General Store.
 18991 | Shoals:4 | Received a gift from Nemelex Xobeh
 19023 | Shoals:4 | Noticed a kraken
 19038 | Shoals:4 | Killed a kraken
 19111 | Shoals:4 | Noticed Ilsuiw
 19115 | Shoals:4 | Reached skill level 15 in Armour
 19124 | Shoals:4 | Noticed Jorgrun
 19130 | Shoals:4 | Your ally Iqehos died
 19131 | Shoals:4 | Killed Ilsuiw
 19388 | Shoals:4 | Killed Jorgrun
 19390 | Shoals:4 | HP: 5/135 [drowned by a water elemental (9)]
 19390 | Shoals:4 | Drowned by a water nymph

Skill      XL: |  1  2  3  4  5  6  7  8  9 10 11 12 13 14 15 |
---------------+----------------------------------------------+-----
Fighting       | 4 5 6 7 8 9 10 11 12 13 | 13.0
Armour         | 4 5 6 7 8 10 11 12 13 14 15 | 15.4
Shields        | 4 5 6 8 10 12 14 15 17 18 19 | 19.7
Axes           | 3 4 5 6 7 |  7.0
Short Blades   | 2 4 6 8 9 10 12 | 12.4
Stealth        | 1 2 3 |  3.1
Evocations     | 1 2 3 |  3.9
Throwing       | 2 |  2.4
Dodging        | |  0.2

Action                   |  1- 3 |  4- 6 |  7- 9 | 10-12 | 13-15 || total
-------------------------+-------+-------+-------+-------+-------++-------
Melee: War axe           |    95 |   168 |   155 |       |       ||   418
       Headbutt          |    17 |    23 |   149 |   144 |   235 ||   568
       Rapier            |       |       |   413 |   613 |   760 ||  1786
Throw: Tomahawk          |       |     4 |     1 |     8 |    14 ||    27
 Abil: Evoke Flight      |       |       |       |       |     3 ||     3
Evoke: Deck              |       |     1 |       |     6 |    17 ||    24
       Wand              |       |       |       |    12 |    45 ||    57
       Lamp of fire      |       |       |       |     1 |     4 ||     5
  Use: Scroll            |       |    13 |     7 |    20 |    14 ||    54
       Potion            |       |     1 |       |     7 |    10 ||    18
 Stab: Distracted        |       |       |       |     3 |     6 ||     9
       Invisible         |       |       |       |       |     1 ||     1
  Eat: Chunk             |     1 |     7 |    14 |    24 |     2 ||    48
       Pizza             |       |     1 |       |     5 |       ||     6
       Beef jerky        |       |       |     2 |     1 |     3 ||     6
       Bread ration      |       |       |       |       |     1 ||     1
       Royal jelly       |       |       |       |       |     1 ||     1
Armor: Scale mail        |    42 |    70 |    97 |       |       ||   209
       Skin              |       |     3 |       |    12 |       ||    15
       Plate armour      |       |       |    97 |   328 |   303 ||   728
       Chain mail        |       |       |       |       |   226 ||   226
Dodge: Dodged            |    29 |    58 |   103 |   133 |   231 ||   554
Block: Shield            |    57 |    86 |   315 |   461 |   735 ||  1654
